 Dungeon Crawl Stone Soup version 0.21.1-1-g345015f (webtiles) character file.

32 tidbits the Charmwright (level 3, -1/31 HPs)
             Began as a Gnoll Skald on Feb 10, 2018.
             Slain by Grinder (5 damage)
             ... on level 3 of the Dungeon.
             The game lasted 00:04:30 (437 turns).

tidbits the Charmwright (Gnoll Skald)                Turns: 437, Time: 00:04:31

Health: -1/31      AC:  3    Str: 10 (13) XL:     3   Next: 25%
Magic:  2/9        EV: 13    Int: 15 (16) God:
Gold:   34         SH:  0    Dex: 13 (14) Spells: 1/12 levels left

rFire    . . .     SeeInvis .   a - +0 hand axe
rCold    . . .     Gourm    .   (no shield)
rNeg     . . .     Faith    .   b - +0 leather armour
rPois    .         Spirit   .   (no helmet)
rElec    .         Reflect  .   (no cloak)
rCorr    .         Harm     .   (no gloves)
MR       .....                  (no boots)
Stlth    +.........             (no amulet)
HPRegen  0.10/turn              (no ring)
MPRegen  0.11/turn              (no ring)

@: very slightly contaminated
A: distributed training, fangs 1, strong nose
a: no special abilities


You were on level 3 of the Dungeon.
You were not hungry.

You visited 1 branch of the dungeon, and saw 3 of its levels.

You collected 34 gold pieces.

Inventory:

Hand Weapons
 a - a +0 hand axe (weapon)
 i - a +1 dagger of draining
   (You found it on level 2 of the Dungeon)
Missiles
 g - 43 arrows
Armour
 b - a +0 leather armour (worn)
Jewellery
 k - an uncursed ring of fire
   (You took it off a goblin on level 2 of the Dungeon)
Scrolls
 f - a scroll of magic mapping {unknown}
 h - a scroll of enchant weapon {unknown}
Books
 c - a book of Battle

   Spells                             Type                      Level
   a - Infusion                       Charms                       1
   b - Shroud of Golubria             Charms/Translocation         2
   c - Song of Slaying                Charms                       2
   d - Spectral Weapon                Hexes/Charms                 3
   e - Regeneration                   Charms/Necromancy            3
Comestibles
 d - 3 rations


   Skills:
 + Level 4.5 Fighting
 + Level 0.6 Short Blades
 + Level 0.6 Long Blades
 + Level 4.5 Axes
 + Level 0.6 Maces & Flails
 + Level 0.6 Polearms
 + Level 0.6 Staves
 + Level 0.6 Slings
 + Level 0.6 Bows
 + Level 0.6 Crossbows
 + Level 0.6 Throwing
 + Level 2.5 Armour
 + Level 4.5 Dodging
 + Level 0.6 Stealth
 + Level 0.6 Shields
 + Level 0.6 Unarmed Combat
 + Level 5.0 Spellcasting
 + Level 0.4 Conjurations
 + Level 0.4 Hexes
 + Level 5.4 Charms
 + Level 0.4 Summonings
 + Level 0.4 Necromancy
 + Level 0.4 Translocations
 + Level 0.4 Transmutations
 + Level 0.4 Fire Magic
 + Level 0.4 Ice Magic
 + Level 0.4 Air Magic
 + Level 0.4 Earth Magic
 + Level 0.4 Poison Magic
 + Level 0.8 Invocations
 + Level 0.6 Evocations


You had one spell level left.
You knew the following spells:

 Your Spells              Type           Power        Failure   Level  Hunger
g - Shroud of Golubria    Chrm/Tloc      ##........   10%         2    ##.....
i - Infusion              Chrm           ###.         2%          1    None
r - Regeneration          Chrm/Necr      ##........   19%         3    ###....
w - Spectral Weapon       Hex/Chrm       ##......     19%         3    ###....
y - Song of Slaying       Chrm           ###.....     3%          2    ##.....


Dungeon Overview and Level Annotations

Branches:
Dungeon (3/15)

Altars:
Xom

Annotations:
D:3 Grinder


Innate Abilities, Weirdness & Mutations

Your experience applies equally to all skills.
You have very sharp teeth.
Your uncanny sense of smell can sniff out nearby items.


Message History

It was a potion of heal wounds.
You feel much better.
Found a ration.
Grinder closely misses you.
Found 3 gold pieces.
Unknown command.
You hit Grinder.
Grinder is heavily wounded.
Your spectral weapon hits Grinder!
Your shroud bends Grinder's attack away.
You hit Grinder. Your bite misses Grinder.
Grinder is almost dead.
Your spectral weapon barely misses Grinder.
Grinder blinks!
Grinder gestures at you.
You suddenly lose the ability to move!
The goblin hits you but does no damage. The goblin hits you with a dagger.
Grinder drinks a potion.
Grinder is healed!
The goblin hits you but does no damage. The goblin hits you but does no damage.
You can move again.
You closely miss the goblin.
Your spectral weapon hits the goblin.
You kill the goblin!
Grinder blinks!
Casting: Shroud of Golubria
Confirm with . or Enter, or press ? or * to list all spells.
You miscast Regeneration.
You are very lightly contaminated with residual magic.
You shiver with cold.
Your shroud begins to fray at the edges.
Grinder gestures at you. Pain shoots through your body!
Unknown command.
Casting: Regeneration
Confirm with . or Enter, or press ? or * to list all spells.
Your skin crawls.
Unknown command.
Your shroud bends Grinder's attack away.
You closely miss Grinder.
Grinder is heavily wounded.
Your spectral weapon hits Grinder but does no damage.
Grinder barely misses your spectral weapon.
Grinder hits your spectral weapon!
Your spectral weapon shares its damage with you!
You hit Grinder. You bite Grinder, but do no damage.
Grinder is severely wounded.
Your spectral weapon closely misses Grinder.
Your shroud bends Grinder's attack away!
You completely miss Grinder.
Grinder is severely wounded.
Your shroud unravels.
Your spectral weapon hits Grinder.
Grinder closely misses you.
You hit Grinder but do no damage.
Grinder is severely wounded.
Your spectral weapon hits Grinder.
Grinder closely misses you.
You hit Grinder.
Grinder is severely wounded.
Your skin is crawling a little less now.
Your spectral weapon closely misses Grinder.
Grinder hits you.
You closely miss Grinder.
Grinder is severely wounded.
Your spectral weapon fades away.
Grinder hits you.
You barely miss Grinder.
Grinder is severely wounded.
Grinder hits you!
* * * LOW HITPOINT WARNING * * *
Okay, then.
You aren't carrying any items that you can evoke.
Unknown command.
It was a potion of degeneration.
There was something very wrong with that liquid.
You feel weakened.
You feel dopey.
You feel clumsy. Grinder hits you but does no damage.
You completely miss Grinder.
Grinder is severely wounded.
Grinder hits you!
* * * LOW HITPOINT WARNING * * *
You writhe in agony.
* * * LOW HITPOINT WARNING * * *
You feel much better. Grinder barely misses you.
You hit Grinder but do no damage.
Grinder is severely wounded.
Your skin stops crawling.
Grinder hits you!
You writhe in agony.
* * * LOW HITPOINT WARNING * * *
You closely miss Grinder.
Grinder is severely wounded.
Grinder gestures at you. Pain shoots through your body!
* * * LOW HITPOINT WARNING * * *
You barely miss Grinder.
Grinder is severely wounded.
Grinder hits you!
* * * LOW HITPOINT WARNING * * *
You writhe in agony.
* * * LOW HITPOINT WARNING * * *
You barely miss Grinder.
Grinder is severely wounded.
Grinder hits you.
You die...

#####...###.# .
.........<..#
..
..........##..#
#...#.#......
#..<#.......%
#.##.)...#.....
#..........#
##.###...####
#.$....@.#
#..##..5.# .
#......
#....### .....#
##....# #....#
######


You could see Grinder.

Vanquished Creatures
  An ooze (D:1)
  A worm (D:2)
  A dart slug (D:2)
  A leopard gecko (D:1)
  A giant cockroach (D:1)
  5 goblins
  2 hobgoblins (D:1)
  5 bats (D:1)
  3 frilled lizards
  A kobold (D:1)
21 creatures vanquished.

Notes
Turn   | Place    | Note
-------+----------+-------------------------------------------
     0 | D:1      | tidbits the Gnoll Skald began the quest for the Orb.
     0 | D:1      | Reached XP level 1. HP: 20/20 MP: 6/6
    97 | D:1      | Reached XP level 2. HP: 26/26 MP: 0/7
   104 | D:1      | Learned a level 2 spell: Song of Slaying
   107 | D:1      | Learned a level 2 spell: Shroud of Golubria
   197 | D:3      | Noticed Grinder
   208 | D:2      | Reached XP level 3. HP: 26/31 MP: 1/9
   211 | D:2      | Reached skill level 5 in Spellcasting
   216 | D:2      | Learned a level 3 spell: Regeneration
   220 | D:2      | Learned a level 3 spell: Spectral Weapon
   258 | D:2      | Found a shimmering altar of Xom.
   259 | D:2      | Found a shimmering altar of Xom.
   259 | D:2      | Found a shimmering altar of Xom.
   259 | D:2      | Found a shimmering altar of Xom.
   259 | D:2      | Found a shimmering altar of Xom.
   260 | D:2      | Found a shimmering altar of Xom.
   260 | D:2      | Found a shimmering altar of Xom.
   404 | D:3      | Paralysed by Grinder for 2 turns
   415 | D:3      | Paralysed by Grinder for 4 turns
   437 | D:3      | Slain by Grinder

Skill      XL: |  1  2  3 |
---------------+----------+-----
Spellcasting   | 5 |  5.0
Fighting       | |  4.5
Short Blades   | |  0.6
Long Blades    | |  0.6
Axes           | |  4.5
Maces & Flails | |  0.6
Polearms       | |  0.6
Staves         | |  0.6
Slings         | |  0.6
Bows           | |  0.6
Crossbows      | |  0.6
Throwing       | |  0.6
Armour         | |  2.5
Dodging        | |  4.5
Stealth        | |  0.6
Shields        | |  0.6
Unarmed Combat | |  0.6
Conjurations   | |  0.4
Hexes          | |  0.4
Charms         | |  5.4
Summonings     | |  0.4
Necromancy     | |  0.4
Translocations | |  0.4
Transmutations | |  0.4
Fire Magic     | |  0.4
Ice Magic      | |  0.4
Air Magic      | |  0.4
Earth Magic    | |  0.4
Poison Magic   | |  0.4
Invocations    | |  0.8
Evocations     | |  0.6

Action                   || total
-------------------------++-------
Melee: Hand axe          ||    63
       Bite              ||     3
 Cast: Infusion          ||     4
       Spectral Weapon   ||     3
       Regeneration      ||     1
       Shroud of Golubri ||     1
  Use: Potion            ||     3
Armor: Leather armour    ||    20
Dodge: Dodged            ||    47

Table legend:
 A = Turns spent in this place as a percentage of turns spent in the entire game.
 B = Non-inter-level travel turns spent in this place as a percentage of non-inter-level travel turns spent in the entire game.
 C = Inter-level travel turns spent in this place as a percentage of turns spent in this place.
 D = Turns resting spent in this place as a percentage of non-inter-level travel turns spent in this place.
 E = Turns spent auto-exploring this place as a percentage of non-inter-level travel turns spent in this place.
 F = Non-inter-level travel turns spent in this place divided by the number of levels of this place that you've seen.
                   A       B       C       D       E      F
               +-------+-------+-------+-------+-------+----------------------
         Total | 100.0 | 100.0 |   3.9 |   0.0 |   0.0 | 140.0
       Dungeon | 100.0 | 100.0 |   3.9 |   0.0 |   0.0 | 140.0
               +-------+-------+-------+-------+-------+----------------------

Table legend:
 A = Kills in this place as a percentage of kills in entire the game.
 B = Kills by you in this place as a percentage of kills by you in the entire game.
 C = Kills by friends in this place as a percentage of kills by friends in the entire game.
 D = Other kills in this place as a percentage of other kills in the entire game.
 E = Experience gained in this place as a percentage of experience gained in the entire game.
 F = Experience gained in this place divided by the number of levels of this place that you have seen.
                   A       B       C       D       E      F
               +-------+-------+-------+-------+-------+----------------------
         Total | 100.0 | 100.0 |   N/A |   N/A | 100.0 |  15.3
       Dungeon | 100.0 | 100.0 |   N/A |   N/A | 100.0 |  15.3
               +-------+-------+-------+-------+-------+----------------------

Vault maps used:
D:1:      lightli_arrival_statue_moat
D:2:      xom_redecorated, uniq_natasha, uniq_crazy_yiuf_cottage
D:3:      grunt_temple_overflow_cloverleaf, minmay_misc_feat_pillars,
          uniq_jessica, uniq_grinder
